 Dungeon Crawl Stone Soup version 0.25.1-2-g60ff931df9 (webtiles) character file.

Game seed: 10548752222659473226

19192 Cazemata the Cleaver (level 12, -2/115 HPs)
             Began as a Minotaur Berserker on Nov 1, 2020.
             Was a High Priest of Trog.
             Slain by a swamp worm (5 damage)
             ... on level 4 of the Lair of Beasts.
             The game lasted 01:08:01 (14507 turns).

Cazemata the Cleaver (Minotaur Berserker)          Turns: 14507, Time: 01:08:03

Health: -2/115     AC: 17    Str: 27    XL:     12   Next: 34%
Magic:  11/11      EV: 15    Int: 12    God:    Trog [*****.]
Gold:   495        SH:  0    Dex: 10    Spells: 11/11 levels left

rFire    + . .     SeeInvis .   g - +8 whip "Snakebite" {curare, rPois}
rCold    . . .     Gourm    .   (no shield)
rNeg     . . .     Faith    .   m - +5 scale mail {rF+}
rPois    +         Spirit   .   (helmet restricted)
rElec    .         Reflect  .   F - +0 cloak
rCorr    .         Harm     .   (no gloves)
MR       .....     Clarity  +   B - +0 pair of boots
Stlth    ..........             (no amulet)
HPRegen  0.29/turn              i - +6 ring of intelligence
MPRegen  0.12/turn              t - +4 ring of evasion

@: slowed, very slow
A: retaliatory headbutt, horns 2, blurry vision 1, clarity, strong 1
a: Berserk, Trog's Hand, Brothers in Arms, Renounce Religion


You were on level 4 of the Lair of Beasts.
You worshipped Trog.
Trog was extremely pleased with you.
You were not hungry.

You visited 2 branches of the dungeon, and saw 12 of its levels.
You also visited: Sewer.

You collected 755 gold pieces.
You spent 260 gold pieces at shops.

Inventory:

Hand Weapons
 a - a +5 dire flail of holy wrath
 g - the +8 whip "Snakebite" (weapon) {curare, rPois}
   (You found it on level 3 of the Lair of Beasts)

   It poisons the flesh of those it strikes.
   It protects you from poison.
 n - a +0 war axe
 q - a +2 vorpal falchion
 D - a +4 flail of freezing
Missiles
 j - 58 poisoned darts (quivered)
 y - a throwing net
 M - 10 silver javelins
Armour
 m - a +5 scale mail of fire resistance (worn)
 o - a +0 leather armour of magic resistance
 B - a +0 pair of boots (worn)
 F - a +0 cloak (worn)
Jewellery
 i - a +6 ring of intelligence (left hand)
 t - a +4 ring of evasion (right hand)
 L - an uncursed ring of ice {unknown}
Wands
 h - a wand of iceblast (10)
 k - a wand of disintegration (9)
 s - a wand of flame (21)
 E - a wand of polymorph (26)
 K - a wand of acid (11)
Scrolls
 d - 10 scrolls of identify
 f - 5 scrolls of teleportation
 r - 3 scrolls of fear
 w - 4 scrolls of fog
 z - 4 scrolls of magic mapping
 A - 3 scrolls of remove curse
 I - a scroll of vulnerability
Potions
 b - 2 potions of haste
 e - 4 potions of ambrosia {unknown}
 u - 3 potions of stabbing
 v - 2 potions of might
 x - 2 potions of curing
 C - a potion of lignification {unknown}
 H - a potion of flight {unknown}
 J - 2 potions of cancellation {unknown}
Miscellaneous
 l - a phial of floods
 p - a box of beasts
 N - a tin of tremorstones (3/3)
Comestibles
 c - 21 rations
 G - 5 chunks of flesh


   Skills:
 - Level 13.0 Fighting
 - Level 14.1(15.0) Axes
 + Level 9.6(12.9) Maces & Flails
 - Level 12.0 Armour
 - Level 2.1 Dodging
 + Level 1.2 Evocations


You had 11 spell levels left.
You didn't know any spells.
Your spell library was empty.

Dungeon Overview and Level Annotations

Branches:
Dungeon (8/15)             Temple (0/1) D:7            Lair (4/6) D:8
  Swamp (0/4) Lair:2       Spider (0/4) Lair:2        Sewer (visited)

Altars:
Ashenzari
Dithmenos
Gozag
Kikubaaqudgha
Makhleb
Okawaru
Trog
Vehumet
Wu Jian
Xom
Zin
The Shining One

Shops:
D:4 }   D:6 (

Annotations:
Lair:1 1 exclusion


Innate Abilities, Weirdness & Mutations

You reflexively headbutt those who attack you in melee.
You have a pair of horns on your head.
Scrolls take you a little longer to read.
You possess an exceptional clarity of mind.
Your muscles are strong. (Str +2)


Message History

Your unstable footing causes you to fumble your attack.
The swamp worm barely misses you. You furiously retaliate!
You headbutt the swamp worm.
The swamp worm bites you but does no damage.
The swamp worm bites the plant.
The swamp worm misses you. You furiously retaliate!
You headbutt the swamp worm. The swamp worm bites you! x2
The swamp worm closely misses you. You furiously retaliate!
You headbutt the swamp worm! The swamp worm bites you!
The swamp worm bites you!!
* * * LOW HITPOINT WARNING * * *
The swamp worm misses you.
The swamp worm fires a harpoon shot at you.
The harpoon shot hits you!
* * * LOW HITPOINT WARNING * * *
You are yanked forward by the harpoon shot.
The swamp worm bites you!
* * * LOW HITPOINT WARNING * * *
The swamp worm bites you.
You die...

#.##.............................
##...............................
.................................
.......≈≈≈≈≈.......<............(
......≈≈≈≈≈≈≈....................
.##.≈≈≈≈###≈≈≈≈..................
##.≈≈≈###≈###≈≈≈.....#......##...
.##≈≈##}≈$≈≈#≈≈w.....###.#.P##...
.#≈≈≈# ≈≈≈≈≈≈≈ww@....P#..P..##...
..#≈≈##≈≈≈≈≈#P≈w......# .. ..
.##≈≈≈###≈###≈≈≈.....P# ....
..#.≈≈≈≈###≈≈≈≈.......# .#....
......≈≈≈≈≈≈≈≈.......### ##.....
..#....≈≈≈≈≈.........#.####..P...
#................................
.................................
.................................


You could see a torpor snail (very poisoned, slow) and 3 swamp worms.

Vanquished Creatures
  3 hydras
  A two-headed ogre (D:8)
  Pikel (D:7)
  3 black mambas (Lair:3)
  6 spiny frogs
  2 komodo dragons
  2 rime drakes
  A jumping spider (Lair:2)
  Prince Ribbit (D:6)
  A bog body (Lair:2)
  4 hippogriffs
  8 blink frogs
  2 redbacks (Lair:2)
  A basilisk (Lair:4)
  10 yaks
  A hungry ghost (D:8)
  Menkaure (D:6)
  3 swamp worms (Lair:2)
  Edmund (D:6)
  9 water moccasins
  Duvessa (D:7)
  12 porcupines
  An ice beast (D:8)
  2 orc warriors
  A hornet zombie (D:8)
  A slave (D:7)
  A phantom (D:8)
  A black bear (Lair:3)
  3 sky beasts
  A necrophage (D:5)
  6 ogres
  2 centaurs
  8 crocodiles
  14 bullfrogs
  Dowan (D:7)
  3 scorpions
  3 killer bees (D:8)
  3 wights (D:8)
  A bullfrog zombie (D:8)
  3 howler monkeys
  A crimson imp (D:5)
  A bullfrog skeleton (D:7)
  4 orc priests
  A jelly (D:7)
  2 centaur skeletons
  2 hounds
  Jessica (D:2)
  Ijyb (D:3)
  Natasha (thrice) (D:2)
  Terence (D:2)
  An iguana (D:8)
  An orc wizard (D:3)
  4 worker ants
  2 hound skeletons (D:4)
  Robin (D:2)
  A worker ant zombie (D:8)
  8 adders
  4 gnolls (D:3)
  A howler monkey skeleton (D:7)
  A river rat (D:4)
  A shadow imp (D:8)
  3 oozes
  An adder zombie (D:5)
  3 adder skeletons
  2 worms (D:4)
  4 dart slugs
  8 leopard geckos
  31 orcs
  9 ball pythons
  6 giant cockroaches
  4 hobgoblins
  16 jackals
  3 quokkas
  6 bats
  9 frilled lizards
  A giant cockroach zombie (D:5)
  16 goblins
  2 jackal zombies
  21 kobolds
  12 rats
  A butterfly (Lair:4)
  2 fungi (D:4)
  6 plants
337 creatures vanquished.

Vanquished Creatures (others)
  A slave (D:7)
  A scorpion (D:7)
  2 orc wizards
  An orc (D:7)
  4 goblins (D:7)
  4 fungi
  3 plants
  3 toadstools (D:4)
19 creatures vanquished.

Grand Total: 356 creatures vanquished

Notes
Turn   | Place    | Note
-------+----------+-------------------------------------------
     0 | D:1      | Cazemata the Minotaur Berserker began the quest for the
                  | Orb.
     0 | D:1      | Reached XP level 1. HP: 19/19 MP: 0/0
   138 | D:1      | Reached skill level 4 in Axes
   170 | D:1      | Reached XP level 2. HP: 18/26 MP: 1/1
   840 | D:1      | Reached skill level 5 in Axes
  1075 | D:2      | Reached ** piety under Trog
  1075 | D:2      | Reached XP level 3. HP: 28/31 MP: 2/2
  1227 | D:2      | Noticed Natasha
  1231 | D:2      | Killed Natasha
  1231 | D:2      | Reached skill level 6 in Axes
  1231 | D:2      | Reached XP level 4. HP: 30/39 MP: 3/3
  1241 | D:2      | Noticed Robin
  1252 | D:2      | Killed Robin
  1351 | D:2      | Noticed Natasha
  1364 | D:2      | Killed Natasha
  1560 | D:2      | Noticed Terence
  1573 | D:2      | Killed Terence
  1573 | D:2      | Reached skill level 7 in Axes
  1573 | D:2      | Reached XP level 5. HP: 18/45 MP: 4/4
  1576 | D:2      | Noticed an ogre
  1597 | D:2      | Killed an ogre
  1749 | D:2      | Noticed Jessica
  1756 | D:2      | Killed Jessica
  1756 | D:2      | Reached skill level 8 in Axes
  1827 | D:2      | Noticed Natasha
  1833 | D:2      | Killed Natasha
  1833 | D:2      | Reached XP level 6. HP: 38/51 MP: 5/5
  2393 | D:3      | Noticed Ijyb
  2407 | D:3      | Killed Ijyb
  2456 | D:3      | Found a faded altar of an unknown god.
  2558 | D:3      | Found an ancient bone altar of Kikubaaqudgha.
  2830 | D:3      | Reached skill level 9 in Axes
  2905 | D:3      | Reached *** piety under Trog
  2971 | D:3      | Found an opulent altar of Gozag.
  3066 | D:3      | Found a shadowy altar of Dithmenos.
  3339 | D:3      | Found a shimmering altar of Xom.
  3400 | D:4      | Reached XP level 7. HP: 55/57 MP: 6/6
  3490 | D:4      | Found a glowing drain.
  3536 | Sewer    | Entered a sewer
  3693 | Sewer    | Reached skill level 10 in Axes
  4098 | Sewer    | Gained mutation: You possess an exceptional clarity of
                  | mind. [potion of mutation]
  4098 | Sewer    | Gained mutation: Scrolls take you a little longer to read.
                  | [potion of mutation]
  4098 | Sewer    | Gained mutation: Your muscles are strong. (Str +2) [potion
                  | of mutation]
  4268 | D:4      | Reached **** piety under Trog
  5163 | D:4      | Found Siblen's Gadget Shoppe.
  5169 | D:4      | Bought a box of beasts for 260 gold pieces
  5245 | D:5      | Entered Level 5 of the Dungeon
  5277 | D:5      | Found a radiant altar of Vehumet.
  5447 | D:5      | Reached skill level 11 in Axes
  5592 | D:5      | Reached XP level 8. HP: 48/66 MP: 7/7
  5880 | D:5      | Found a glowing golden altar of the Shining One.
  6286 | D:6      | Noticed Prince Ribbit
  6288 | D:6      | Noticed Menkaure
  6303 | D:6      | Killed Menkaure
  6303 | D:6      | Reached skill level 5 in Fighting
  6371 | D:6      | Found a burning altar of Makhleb.
  6507 | D:6      | Noticed Edmund
  6519 | D:6      | Killed Edmund
  6550 | D:6      | Found an ornate altar of the Wu Jian Council.
  6550 | D:6      | Found a bloodstained altar of Trog.
  6592 | D:6      | Killed Prince Ribbit
  6637 | D:6      | Found an iron altar of Okawaru.
  6792 | D:6      | Noticed a blizzard demon
  6798 | D:6      | Found a glowing silver altar of Zin.
  6798 | D:6      | Noticed an angel
  6822 | D:6      | Found Emmaeps's Antique Weapon Emporium.
  7077 | D:7      | Found a staircase to the Ecumenical Temple.
  7086 | D:7      | Noticed a hippogriff
  7100 | D:7      | Killed a hippogriff
  7178 | D:7      | Noticed Pikel
  7191 | D:7      | Killed Pikel
  7191 | D:7      | Reached skill level 10 in Fighting
  7191 | D:7      | Reached XP level 9. HP: 59/85 MP: 8/8
  7270 | D:7      | Found a flagged portal.
  7409 | D:7      | Noticed Dowan
  7425 | D:7      | Noticed Duvessa
  7435 | D:7      | Killed Duvessa
  7442 | D:7      | Killed Dowan
  7714 | D:7      | Found a shattered altar of Ashenzari.
  8193 | D:8      | Reached XP level 10. HP: 100/100 MP: 9/9
  8260 | D:8      | Reached skill level 5 in Armour
  8327 | D:8      | Noticed a two-headed ogre
  8491 | D:8      | Found a staircase to the Lair.
  8565 | D:8      | Killed a two-headed ogre
  9230 | Lair:1   | Entered Level 1 of the Lair of Beasts
  9466 | Lair:1   | Noticed a spiny frog
  9477 | Lair:1   | Killed a spiny frog
  9477 | Lair:1   | Reached ***** piety under Trog
  9477 | Lair:1   | Reached skill level 10 in Armour
  9858 | Lair:1   | Noticed a spiny frog
  9872 | Lair:1   | Killed a spiny frog
  9886 | Lair:1   | Noticed a spiny frog
  9899 | Lair:1   | Killed a spiny frog
  9899 | Lair:1   | Reached XP level 11. HP: 33/107 MP: 10/10
 10910 | Lair:2   | Noticed a seven-headed hydra
 11155 | Lair:2   | Killed a seven-headed hydra
 11155 | Lair:2   | Reached skill level 12 in Axes
 11485 | Lair:2   | Found a hole to the Spider Nest.
 11583 | Lair:2   | Found a staircase to the Swamp.
 12057 | Lair:2   | Reached skill level 13 in Axes
 12485 | Lair:3   | Reached skill level 1 in Evocations
 12536 | Lair:3   | Noticed a five-headed hydra
 12563 | Lair:3   | Killed a five-headed hydra
 12563 | Lair:3   | Reached skill level 14 in Axes
 13130 | Lair:3   | Reached skill level 5 in Maces & Flails
 13159 | Lair:3   | Reached XP level 12. HP: 28/115 MP: 11/11
 13427 | Lair:3   | Found the +8 whip "Snakebite" {curare, rPois}
 13665 | Lair:3   | Noticed a four-headed hydra
 13681 | Lair:3   | Killed a four-headed hydra
 13707 | Lair:3   | Noticed a six-headed hydra
 14507 | Lair:4   | HP: 3/115 [swamp worm (12)]
 14507 | Lair:4   | Slain by a swamp worm

Illustrated notes

Levels and vault maps discovered:
D:1:      heliophobic_arrival_dark_side_of_the_moon, layout_loops_corners,
          minmay_hedge_maze, serial_bayou_lagoon_b
D:2:      layout_loops_cross, uniq_robin, uniq_terence, uniq_natasha,
          uniq_jessica
D:3:      layout_loops_ring, grunt_dithmenos_smoke_and_mirrors,
          lemuel_coloured_pillars_altar, tgw_xom, kiku_gazebo_pond_becter,
          chequers_ecumenical_altar_simple_redux, first_ration, uniq_ijyb
D:4:      minmay_evil_eye, layout_gridville, serial_shops,
          nicolae_shop_behind_doors, portal_sewer_entry_c, eino_curves_02,
          minmay_gold_behind_fungi
D:5:      layout_basic, tso_oasis_becter, serial_corexii_hall,
          corexii_hall_statues_s, chequers_hall_statues_wall_a,
          corexii_hall_statues_l, corexii_hall_statues_s,
          hangedman_decor_points, minivault_19, kennysheep_nondescript,
          vehumet_altar_wand_db
D:6:      layout_cave_pods, grunt_temple_overflow_order_and_chaos_2,
          okawaru_gym_becter, gammafunk_temple_overflow_elements, serial_shops,
          kennysheep_mini, uniq_menkaure, uniq_prince_ribbit1, uniq_edmund
D:7:      layout_cave_pools, kennysheep_little_box, temple_doors_e,
          enter_bailey_3, uniq_pikel, uniq_duvessa
D:8:      layout_rooms, lair_entry_dummy, grunt_ogre_cave, lemuel_another_geyser
Lair:1:   layout_long_grid
Lair:2:   layout_roguey, nicolae_swamp_entry_splash_gauntlet,
          spider_nest_entry_funnel_web
Lair:3:   minmay_guarded_unrand_snakebite, layout_gridlike, enter_volcano_2
Lair:4:   layout_regular_city, worms_lemuel, lemuel_fruit_fields

Skill      XL: |  1  2  3  4  5  6  7  8  9 10 11 12 |
---------------+-------------------------------------+-----
Axes           | 4 5 6 7 8 9 11 14 | 14.1
Fighting       | 4 10 13 | 13.0
Armour         | 4 11 12 | 12.0
Evocations     | 1 |  1.2
Maces & Flails | 6 9 |  9.6
Dodging        | |  2.1

Action                   |  1- 3 |  4- 6 |  7- 9 | 10-12 || total
-------------------------+-------+-------+-------+-------++-------
Melee: Hand axe          |    58 |       |       |       ||    58
       Headbutt          |     6 |    26 |    72 |   102 ||   206
       War axe           |     2 |   160 |   378 |   202 ||   742
       Flail             |       |       |       |    90 ||    90
       Dire flail        |       |       |       |    71 ||    71
       Whip              |       |       |       |    91 ||    91
Throw: Dart              |       |     4 |     8 |     4 ||    16
Invok: Trog's Hand       |       |     2 |     2 |     1 ||     5
       Berserk           |       |       |     3 |     4 ||     7
       Brothers in Arms  |       |       |       |     1 ||     1
Evoke: Wand              |       |       |       |     1 ||     1
  Use: Scroll            |       |    10 |     3 |     7 ||    20
       Potion            |       |     3 |     5 |     7 ||    15
  Eat: Chunk             |     1 |     4 |    10 |    20 ||    35
       Ration            |       |     1 |     4 |     1 ||     6
Armor: Animal skin       |    18 |     5 |       |       ||    23
       Scale mail        |       |    44 |   101 |   157 ||   302
Dodge: Dodged            |    48 |    87 |   224 |   352 ||   711
